 Dungeon Crawl Stone Soup version 0.31-a0-207-g184df878d8 (webtiles) character file.

Game seed: 9318958625679845536

168 Ijustatesigmund the Stinger (level 5, 0/34 HPs)
             Began as an Octopode Venom Mage on June 28, 2023.
             Slain by an ufetubus (4 damage)
             ... on level 4 of the Dungeon.
             The game lasted 00:05:35 (3262 turns).

Ijustatesigmund the Stinger (Octopode Venom Mage)   Turns: 3262, Time: 00:05:36

Health: 0/34       AC:  8    Str:  8    XL:     5   Next: 49%
Magic:  7/9        EV: 13    Int: 19    God:
Gold:   169        SH:  0    Dex: 12    Spells: 4/10 levels left

rFire   . . .        j - +3 quarterstaff (protect)
rCold   . . .        (shield currently unavailable)
rNeg    . . .        (helmet restricted)
rPois   .            (no amulet)
rElec   .            (no ring)
rCorr   .            (no ring)
SInv    .            (no ring)
Will    .....        (no ring)
Stlth   +++          (no ring)
HPRegen 0.25/turn    (no ring)
MPRegen 0.11/turn    (no ring)
                     (no ring)

%: no passive effects
@: brilliant, under a protective aura
A: almost no armour, amphibious, 8 rings, camouflage 1, gelatinous body 1,
(nimble swimmer 1), tentacles
a: no special abilities


You were on level 4 of the Dungeon.
You visited 1 branch of the dungeon, and saw 4 of its levels.

You collected 169 gold pieces.

Inventory:

Hand Weapons
 i - a +2 dagger of venom
 j - a +3 quarterstaff of protection (weapon)
Magical Staves
 c - a staff of cold
Scrolls
 e - 2 scrolls of identify
 h - a scroll of enchant armour
 k - a scroll of torment {unknown}
 l - a scroll of immolation {unknown}
Potions
 a - a potion of magic
 b - a potion of invisibility
 d - a potion of attraction
 f - a potion of enlightenment
 g - a potion of might


   Skills:
 - Level 1.8 Fighting
 + Level 0.7 Staves
 - Level 2.0 Dodging
 - Level 2.6 Stealth
 + Level 3.0 Spellcasting
 + Level 1.6 Conjurations
 - Level 1.0 Transmutations
 + Level 1.7 Air Magic
 + Level 4.6 Poison Magic


You had 4 spell levels left.
You knew the following spells:

 Your Spells              Type           Power      Damage    Failure   Level
a - Sting                 Tmut/Pois      80%        1d7       4%          1
b - Poisonous Vapours     Pois/Air       44%        N/A       6%          2
c - Mephitic Cloud        Conj/Pois/Air  19%        N/A       16%         3

Your spell library contained the following spells:

 Spells                   Type           Power      Damage    Failure   Level
 Shock                    Conj/Air       56%        1d6       8%          1
 Swiftness                Air            14%        N/A       22%         3
 Olgreb's Toxic Radiance  Pois           30%        N/A       22%         4
 Dazzling Flash           Conj/Hex       18%        N/A       32%         3
 Gell's Gravitas          Tloc           4%         N/A       41%         3
 Teleport Other           Tloc           4%         N/A       41%         3
 Airstrike                Air            7%         2d(1-17)  58%         4
 Freezing Cloud           Conj/Ice/Air   5%         6-21      95%         5
 Silence                  Hex/Air        4%         N/A       96%         5
 Agony                    Necr           4%         N/A       99%         5
 Dispersal                Tloc           2%         N/A       100%        6


Dungeon Overview and Level Annotations

Branches:
Dungeon (4/15)
 Temple: D:4-7

Altars:
Fedhas


Innate Abilities, Weirdness & Mutations

You cannot wear most types of armour.
You are amphibious.
You can wear up to eight rings at the same time.
Your skin changes colour to match your surroundings (Stealth+).
Your rubbery body absorbs attacks. (AC +1, EV +1)
((You are camouflaged when in or above water. (Stealth+)))
You have tentacles for arms and can constrict up to eight enemies at once.


Message History

No target in view!
No target in view!
You now have 169 gold pieces (gained 16).
There is a stone staircase leading up here.
As you open the door, it creaks loudly!
Found a clear potion.
There is an open door here.
m - a clear potion A hobgoblin comes into view.
Casting: Poisonous Vapours (safe; 6% risk of failure)
Confirm with . or Enter, or press ? or * to list all spells.
Aiming: Poisonous Vapours (safe; 6% risk of failure)
Press: ? - help, Dir - move target, f - hobgoblin
Aim: a hobgoblin (wandering, hasn't noticed you) Poisonous vapours surround the hobgoblin!
The hobgoblin is poisoned.
The hobgoblin shouts!
You hear a shout! x4
A goblin comes into view. It is wielding a +0 dagger.
An ufetubus comes into view.
The goblin shouts!
An orc priest comes into view. It is wielding a +0 morningstar.
The orc priest shouts!
The orc priest mumbles some strange prayers to Beogh against you.
Beogh smites you! The hobgoblin barely misses you.
The ufetubus shouts!
You hit the hobgoblin.
Your weapon exudes an aura of protection.
You kill the hobgoblin!
The orc priest calls down the wrath of Beogh upon you.
Beogh smites you!
Ouch! That really hurt!
* * * LOW HITPOINT WARNING * * *
An orc comes into view. It is wielding a +0 hand axe.
It was a potion of brilliance.
You feel clever all of a sudden. The goblin hits you but does no damage.
An orc comes into view. It is wielding a +0 flail.
The ufetubus hits you but does no damage.
The ufetubus hits you.
You die...

..... ..... ......
...... ###### #########
......##....####........
#....................#
.##...g................#
......5@...............#
......##########..##..##
....o ####'## ## ..oo
#....)# .## #..<.<#
#.....# #.....# #.....#
#.....#


You could see an orc priest, 2 orcs, an ufetubus and a goblin.

Vanquished Creatures
  Crazy Yiuf (D:2)
  5 adders
  4 worms
  3 dart slugs
  9 endoplasms
  3 giant cockroaches
  8 goblins
  3 hobgoblins
  3 jackals (D:3)
  3 quokkas
  7 ball pythons
  7 bats
  2 frilled lizards
  12 kobolds
  6 rats
76 creatures vanquished.

Notes
Turn   | Place    | Note
-------+----------+-------------------------------------------
     0 | D:1      | Ijustatesigmund the Octopode Venom Mage began the quest for
                  | the Orb.
     0 | D:1      | Reached XP level 1. HP: 11/11 MP: 3/3
   256 | D:1      | Reached XP level 2. HP: 18/18 MP: 1/5
   261 | D:1      | Learned a level 2 spell: Poisonous Vapours
   463 | D:1      | Reached skill level 4 in Poison Magic
   478 | D:1      | Reached skill level 1 in Fighting
   744 | D:1      | Reached XP level 3. HP: 23/23 MP: 1/6
   754 | D:1      | Learned a level 3 spell: Mephitic Cloud
  1056 | D:2      | Reached skill level 1 in Air Magic
  1241 | D:2      | Reached XP level 4. HP: 26/28 MP: 2/7
  1749 | D:2      | Found a runed translucent door.
  1750 | D:2      | Noticed Crazy Yiuf
  1760 | D:2      | Killed Crazy Yiuf
  1761 | D:2      | Reached skill level 1 in Conjurations
  2285 | D:2      | Reached XP level 5. HP: 34/34 MP: 4/9
  3022 | D:3      | Found a blossoming altar of Fedhas.
  3262 | D:4      | Slain by an ufetubus

Illustrated notes

Levels and vault maps discovered:
D:1:      heliophobic_arrival_glass_houses, layout_basic,
          kennysheep_pointless_box
D:2:      layout_loops_ring, uniq_crazy_yiuf_cottage
D:3:      layout_rooms, mainiacjoe_overflow_surrounded_room
D:4:      layout_gridville, serial_shops, shop, ebering_ghost_sewer_f,
          chequers_garden, kennysheep_dice, uniq_menkaure

Skill      XL: |  1  2  3  4  5 |
---------------+----------------+-----
Poison Magic   | 4 |  4.6
Fighting       | 1 |  1.8
Air Magic      | 1 |  1.7
Conjurations   | 1 |  1.6
Spellcasting   | 3 |  3.0
Staves         | |  0.7
Dodging        | |  2.0
Stealth        | |  2.6
Transmutations | |  1.0

Action                     |  1- 3 |  4- 6 || total
---------------------------+-------+-------++-------
  Melee: Staff             |    60 |    12 ||    72
         Constrict         |    16 |    15 ||    31
         Tentacles         |    14 |    11 ||    25
         Punch             |     2 |       ||     2
         Dagger            |       |    13 ||    13
         Quarterstaff      |       |    48 ||    48
   Cast: Sting             |    10 |       ||    10
         Poisonous Vapours |    14 |    25 ||    39
         Mephitic Cloud    |       |     1 ||     1
    Use: Scroll            |     3 |     8 ||    11
         Potion            |       |     1 ||     1
   Stab: Sleeping          |     1 |     7 ||     8
         Confused          |       |     1 ||     1
 Armour: Skin              |     3 |    13 ||    16
  Dodge: Dodged            |    42 |    43 ||    85

Table legend: (Time is in decaauts)
 A = Elapsed time spent in this place.
 B = Non-inter-level travel time spent in this place.
 C = Inter-level travel time spent in this place.
 D = Time resting spent in this place.
 E = Time spent auto-exploring this place.
 F = Levels seen in this place.
 G = Mean time per level.
                   A        B        C        D        E       F      G
               +--------+--------+--------+--------+--------+-----+--------+
         Total |   3287 |   3199 |     88 |    837 |   1850 |   4 |  821.8 |
       Dungeon |   3287 |   3199 |     88 |    837 |   1850 |   4 |  821.8 |
               +--------+--------+--------+--------+--------+-----+--------+

Top non-repeatable levels by time:
     D:2: 1377 daAuts
     D:1: 1021 daAuts
     D:3: 861 daAuts
     D:4: 27 daAuts
